 Dungeon Crawl Stone Soup version 0.31-a0-986-g5e6e4ef867 (webtiles) character file.

Game seed: 16014567846536578678

46 CowFu the Ruffian (level 3, -3/28 HPs)
             Began as a Gnoll Shapeshifter on Nov 17, 2023.
             Slain by a gnoll
             ... wielding a +0 spear
              (9 damage)
             ... on level 2 of the Dungeon.
             The game lasted 00:00:51 (1188 turns).

CowFu the Ruffian (Gnoll Shapeshifter)              Turns: 1188, Time: 00:00:52

Health: -3/28      AC:  2    Str: 15    XL:     3   Next: 68%
Magic:  4/4        EV: 13    Int:  9    God:
Gold:   122        SH:  0    Dex: 11    Spells: 3/3 levels left

rFire   . .          .
                       - Unarmed
rCold   . . .        (no shield)
rNeg    . . .        a - +0 animal skin
rPois   .            (helmet currently unavailable)
rElec   .            (cloak currently unavailable)
rCorr   .            (gloves currently unavailable)
SInv    .            (boots currently unavailable)
Will    .....        (no amulet)
Stlth   +            (no ring)
HPRegen 0.24/turn    (no ring)
MPRegen 0.09/turn

%: no passive effects
@: beast-form
A: beast (slay +3), fangs 1, strong nose, distributed training
a: Begin Untransformation


You were on level 2 of the Dungeon.
You were a hulking beast.
You visited 1 branch of the dungeon, and saw 2 of its levels.

You collected 122 gold pieces.

Inventory:

Armour
 a - a +0 animal skin (worn)
Talismans
 c - a beast talisman
 d - a flux talisman
Scrolls
 e - 2 scrolls of enchant armour {unknown}
 f - 3 scrolls of identify {unknown}
 g - a scroll of revelation {unknown}
Potions
 b - a potion of lignification
 h - a potion of enlightenment {unknown}


   Skills:
 + Level 2.6 Fighting
 + Level 0.9 Short Blades
 + Level 0.9 Long Blades
 + Level 0.9 Axes
 + Level 0.9 Maces & Flails
 + Level 0.9 Polearms
 + Level 0.9 Staves
 + Level 0.9 Ranged Weapons
 + Level 0.9 Throwing
 + Level 0.9 Armour
 + Level 4.5 Dodging
 + Level 0.9 Stealth
 + Level 0.9 Shields
 + Level 6.5 Unarmed Combat
 + Level 0.9 Spellcasting
 + Level 0.6 Conjurations
 + Level 0.6 Hexes
 + Level 0.6 Summonings
 + Level 0.6 Necromancy
 + Level 0.6 Translocations
 + Level 0.6 Transmutations
 + Level 0.6 Fire Magic
 + Level 0.6 Ice Magic
 + Level 0.6 Air Magic
 + Level 0.6 Earth Magic
 + Level 0.6 Poison Magic
 + Level 1.0 Invocations
 + Level 0.9 Evocations
 + Level 6.5 Shapeshifting


You had 3 spell levels left.
You didn't know any spells.
Your spell library was empty.

Dungeon Overview and Level Annotations

Branches:
Dungeon (2/15)

Altars:


Innate Abilities, Weirdness & Mutations

You are a hulking beast.
Your limbs bulge with bestial killing power. (Slay +3)
You have very sharp teeth.
Your uncanny sense of smell can sniff out nearby items.
Your experience applies equally to all skills.


Message History

You punch the quokka!
You kill the quokka!
You now have 122 gold pieces (gained 11).
f - 3 scrolls labelled XEGECOIHEH (gained 1)
Found 4 stones.
No target in view!
You see here 4 stones.
As you open the door, it creaks loudly!
A gnoll and 2 jackals come into view.
The jackal barks!
The gnoll shouts!
The jackal barks!
The jackal misses you. x2
The gnoll hits you from afar with a +0 spear.
The jackal bites you.
There is an open door here.
There are monsters nearby!
You punch the jackal!
You kill the jackal!
The jackal barely misses you. The gnoll misses you.
The jackal barely misses you.
There are monsters nearby!
You hit the jackal.
The jackal is severely wounded.
The gnoll hits you from afar with a +0 spear.
The jackal bites you.
There are monsters nearby!
You barely miss the jackal.
The jackal is severely wounded.
The gnoll barely misses you. The jackal closely misses you.
You punch the jackal!
You kill the jackal!
The gnoll barely misses you. The gnoll hits you with a +0 spear!
* * * LOW HITPOINT WARNING * * *
You are too injured to fight recklessly!
You are too injured to fight recklessly!
You are too injured to fight recklessly!
You hit the gnoll.
The gnoll is heavily wounded.
The gnoll hits you with a +0 spear!
You die...

#.# ##.## #..# #.#
#.#.# #.#
##.#.###..# #.#
#.#.# #.#
#.###.##..##
#.###.#.# #.#
##.#.###...#
#.....#.# #.# #..##
#.#.# #.......# #.#
#.#######.#
#.###.#### #.# #.#
+...#.# #.# #.....
#.####.# #.g.#.# #.#
#.####
#......#∆+h..#.# #.#
#.#
#.####.###'###.###.#
#.# #.#
#...P.P.......# #.#
#.# #.........#####
#.# #.# #.........#
#.# #.# #######.###
#. #.# #.# .###
###.# #.# .... #...#
#.# .###


You could see a gnoll.

Vanquished Creatures
  An orc (D:2)
  8 ball pythons
  2 endoplasms
  2 giant cockroaches
  6 goblins
  5 hobgoblins
  2 jackals (D:2)
  7 kobolds
  2 quokkas (D:2)
  3 bats
  A frilled lizard (D:2)
  A rat (D:1)
40 creatures vanquished.

Notes
Turn   | Place    | Note
-------+----------+-------------------------------------------
     0 | D:1      | CowFu the Gnoll Shapeshifter began the quest for the Orb.
     0 | D:1      | Reached XP level 1. HP: 17/17 MP: 1/1
   117 | D:1      | Reached XP level 2. HP: 23/23 MP: 2/2
   674 | D:2      | Reached XP level 3. HP: 22/28 MP: 3/3
   755 | D:2      | Found a faded altar of an unknown god.
   919 | D:2      | Reached skill level 1 in Invocations
  1188 | D:2      | Slain by a gnoll

Illustrated notes

Levels and vault maps discovered:
D:1:      dpeg_arrival_pits, layout_loops_ring
D:2:      layout_loops_ring, dreamdust_ecumenical_altar_grove,
          cheibrodos_gnoll_hut

Skill      XL: |  1  2  3 |
---------------+----------+-----
Invocations    | 1 |  1.0
Fighting       | |  2.6
Short Blades   | |  0.9
Long Blades    | |  0.9
Axes           | |  0.9
Maces & Flails | |  0.9
Polearms       | |  0.9
Staves         | |  0.9
Ranged Weapons | |  0.9
Throwing       | |  0.9
Armour         | |  0.9
Dodging        | |  4.5
Stealth        | |  0.9
Shields        | |  0.9
Unarmed Combat | |  6.5
Spellcasting   | |  0.9
Conjurations   | |  0.6
Hexes          | |  0.6
Summonings     | |  0.6
Necromancy     | |  0.6
Translocations | |  0.6
Transmutations | |  0.6
Fire Magic     | |  0.6
Ice Magic      | |  0.6
Air Magic      | |  0.6
Earth Magic    | |  0.6
Poison Magic   | |  0.6
Evocations     | |  0.9
Shapeshifting  | |  6.5

Action                     || total
---------------------------++-------
  Melee: Unarmed           ||    80
         Bite              ||     4
         Punch             ||     1
   Stab: Sleeping          ||     3
 Armour: Animal skin       ||    41
  Dodge: Dodged            ||    38

Table legend: (Time is in decaauts)
 A = Elapsed time spent in this place.
 B = Non-inter-level travel time spent in this place.
 C = Inter-level travel time spent in this place.
 D = Time resting spent in this place.
 E = Time spent auto-exploring this place.
 F = Levels seen in this place.
 G = Mean time per level.
                   A        B        C        D        E       F      G
               +--------+--------+--------+--------+--------+-----+--------+
         Total |   1177 |   1167 |     10 |      0 |    973 |   2 |  588.5 |
       Dungeon |   1177 |   1167 |     10 |      0 |    973 |   2 |  588.5 |
               +--------+--------+--------+--------+--------+-----+--------+

Top non-repeatable levels by time:
     D:1: 644 daAuts
     D:2: 532 daAuts
